 Dungeon Crawl Stone Soup version 0.18.1-8-gdd0e5ea (webtiles) character file.

124 Gargoyl the Skirmisher (level 4, -1/40 HPs)
             Began as a Demonspawn Abyssal Knight on May 25, 2016.
             Was a Believer of Lugonu.
             Slain by an orc warrior
             ... wielding a +0 dire flail
              (2 damage)
             ... on level 3 of the Dungeon.
             The game lasted 00:03:44 (1508 turns).

Gargoyl the Skirmisher (Demonspawn Abyssal Knight)  Turns: 1508, Time: 00:03:44

Health: -1/40      AC: 10    Str: 14    XL:     4   Next: 81%
Magic:  6/6        EV: 11    Int: 13    God:    Lugonu [**....]
Gold:   137        SH:  0    Dex: 20    Spells: 0 memorised, 3 levels left

rFire  + . .     SeeInvis .     a - +2 hand axe
rCold  + . .     Gourm    .     r - +0 chain mail
rNeg   . . .     Faith    .     (no shield)
rPois  +         Spirit   .     (no helmet)
rElec  +         Dismiss  .     (no cloak)
rCorr  +         Reflect  .     n - +0 pair of gloves
SustAt .         Harm     .     (no boots)
MR     .....                    (no amulet)
Stlth  ..........               (no ring)
                                d - +3 ring of dexterity

@: agile, resistant, not resistant to hostile enchantments, extremely unstealthy
A: claws 1, robust 1, spiny 1
a: Depart the Abyss, Bend Space, Renounce Religion


You were on level 3 of the Dungeon.
You worshipped Lugonu.
Lugonu was pleased with you.
You were very hungry.

You visited 1 branch of the dungeon, and saw 3 of its levels.
You visited the Abyss 1 time.

You collected 137 gold pieces.

Inventory:

Hand Weapons
 a - a +2 hand axe (weapon)
Missiles
 p - 7 tomahawks of returning (quivered)
Armour
 n - a +0 pair of gloves (worn)
 r - a +0 chain mail (worn)
Jewellery
 d - a +3 ring of dexterity (left hand)
Scrolls
 f - a scroll of fear
 g - a scroll of blinking
 i - 2 scrolls of identify
 l - a scroll of remove curse
Comestibles
 c - 2 bread rations
 h - a royal jelly
 j - 2 meat rations


   Skills:
 + Level 3.9 Fighting
 + Level 2.4 Axes
 * Level 3.1 Armour
 + Level 1.2 Dodging
 + Level 0.2 Stealth
 + Level 2.8 Invocations


You had 3 spell levels left.
You didn't know any spells.

Dungeon Overview and Level Annotations

Branches:
Dungeon (3/15)

Altars:


Innate Abilities, Weirdness & Mutations

You have sharp fingernails.
You are partially covered in sharp spines.
You are robust (+10% HP).


Message History

The orc warrior is struck by your spines.
The orc warrior hits you with a dire flail.
There is a stone staircase leading up here.
You hit the orc warrior but do no damage.
The orc warrior is lightly wounded.
The orc warrior hits you with a dire flail!
You hit the orc warrior but do no damage.
The orc warrior is lightly wounded.
The orc warrior is struck by your spines.
The orc warrior hits you with a dire flail!
You hit the orc warrior but do no damage.
The orc warrior is moderately wounded.
The orc warrior is struck by your spines.
The orc warrior closely misses you.
You barely miss the orc warrior.
The orc warrior is moderately wounded.
The orc warrior hits you with a dire flail!
* * * LOW HITPOINT WARNING * * *
The orc warrior hits you with a dire flail.
You die...

##### #...# #...#########
#...........#
######...........#
#................#
########.##..@o.........# #
#........##.#...........#### #
#........##.#...........#..# #
####........##.####........#..#
# ............##.#
#........#..### ..#........#..#
#........#....# ###..........##
#..........#..# #.....#..####
######.......#. ####.#..).....#
##......#.


You could see an orc warrior.

Vanquished Creatures
  An orc priest (D:3)
  Terence (D:2)
  2 adders (D:2)
  A worm (D:2)
  3 dart slugs (D:1)
  A giant gecko (D:1)
  4 orcs (D:3)
  6 giant cockroaches
  5 hobgoblins (D:2)
  5 bats
  2 giant newts (D:1)
  4 goblins (D:1)
  2 kobolds
  4 rats
41 creatures vanquished.

Notes
Turn   | Place    | Note
--------------------------------------------------------------
     0 | Abyss:1  | Gargoyl the Demonspawn Abyssal Knight began the quest for the Orb.
     0 | Abyss:1  | Reached XP level 1. HP: 18/18 MP: 2/2
    48 | Abyss:1  | Noticed a spatial maelstrom
    48 | Abyss:1  | Noticed a spatial vortex
    50 | D:1      | Escaped the Abyss
    91 | D:1      | Reached * piety under Lugonu
   100 | D:1      | Reached skill level 1 in Dodging
   163 | D:1      | Gained mutation: You are partially covered in sharp spines. [demonic ancestry]
   163 | D:1      | Reached XP level 2. HP: 24/24 MP: 3/3
   630 | D:2      | Gained mutation: You have sharp fingernails. [demonic ancestry]
   630 | D:2      | Reached XP level 3. HP: 29/29 MP: 4/4
   693 | D:2      | Reached ** piety under Lugonu
   823 | D:2      | Noticed Terence
   835 | D:2      | Killed Terence
   835 | D:2      | Reached XP level 4. HP: 37/37 MP: 4/6
  1236 | D:3      | Noticed an orc warrior
  1499 | D:2      | Gained mutation: You are robust (+10% HP). [potion of beneficial mutation]
  1508 | D:3      | HP: 1/40 [orc warrior/dire flail (16)]
  1508 | D:3      | Slain by an orc warrior

Skill      XL: |  1  2  3  4 |
---------------+-------------+-----
Armour         | 2 3 |  3.1
Dodging        | 1 |  1.2
Axes           | 2 |  2.4
Fighting       | |  3.9
Stealth        | |  0.2
Invocations    | |  2.8

Action                   |  1- 3 |  4- 6 || total
-------------------------+-------+-------++-------
Melee: Hand axe          |    54 |    26 ||    80
Invok: Depart the Abyss  |     1 |       ||     1
  Use: Scroll            |       |     5 ||     5
       Potion            |       |     5 ||     5
  Eat: Chunk             |       |     1 ||     1
Armor: Leather armour    |     6 |       ||     6
       Scale mail        |    10 |     6 ||    16
       Chain mail        |       |     4 ||     4
Dodge: Dodged            |    36 |    10 ||    46
